 Dungeon Crawl Stone Soup version 0.31-a0-803-g95b03c3367 (webtiles) character file.

Game seed: 3601810671665705503

724 Maratek the Sneak (level 7, -4/45 (49) HPs)
             Began as an Octopode Fighter on Sept 20, 2023.
             Was an Initiate of Trog.
             Slain by a wight
             ... wielding a +0 halberd
              (8 damage)
             ... on level 5 of the Dungeon.
             The game lasted 00:04:54 (4445 turns).

Maratek the Sneak (Octopode Fighter)                Turns: 4445, Time: 00:04:55

HP:   -4/45 (49)    AC:  1    Str: 17    XL:     7   Next: 71%
MP:   7/7           EV: 14    Int: 11    God:    Trog [......]
Gold: 183           SH:  0    Dex: 11    Spells: 6/6 levels left

rFire   + . .        m - +1 scythe (heavy)
rCold   . . .        (shield currently unavailable)
rNeg    . . .        (helmet restricted)
rPois   .            (no amulet)
rElec   .            a - ring of protection from fire
rCorr   .            (no ring)
SInv    .            (no ring)
Will    .....        (no ring)
Stlth   ++++         (no ring)
HPRegen 0.27/turn    (no ring)
MPRegen 0.10/turn    (no ring)
                     (no ring)

%: no passive effects
@: drained
A: almost no armour, amphibious, 8 rings, camouflage 1, gelatinous body 1,
(nimble swimmer 1), tentacles
a: Renounce Religion


You were on level 5 of the Dungeon.
You worshipped Trog.
Trog was noncommittal.
You visited 1 branch of the dungeon, and saw 5 of its levels.

You collected 183 gold pieces.

Inventory:

Hand Weapons
 m - a +1 heavy scythe (weapon)
Jewellery
 a - a ring of protection from fire (left tentacle)
Scrolls
 g - 3 scrolls of teleportation {unknown}
 h - a scroll of noise {unknown}
 i - 2 scrolls of amnesia {unknown}
 j - a scroll of fear {unknown}
 o - a scroll of brand weapon {unknown}
 p - a scroll of enchant armour {unknown}
 q - a scroll of identify {unknown}
Potions
 b - a potion of heal wounds {unknown}
 c - 3 potions of might
 d - 3 potions of brilliance {unknown}
 e - a potion of haste {unknown}
 f - 2 potions of attraction {unknown}
 k - a potion of mutation {unknown}
 l - a potion of curing {unknown}
 n - 2 potions of degeneration {unknown}


   Skills:
 + Level 4.3 Fighting
 - Level 4.3 Long Blades
 * Level 3.5 Polearms
 + Level 4.0 Dodging
 + Level 5.1 Stealth
 + Level 3.8 Shields


You had 6 spell levels left.
You didn't know any spells.
Your spell library was empty.

Dungeon Overview and Level Annotations

Branches:
Dungeon (5/15)
 Temple: D:4-7

Altars:
Trog


Innate Abilities, Weirdness & Mutations

You cannot wear most types of armour.
You are amphibious.
You can wear up to eight rings at the same time.
Your skin changes colour to match your surroundings (Stealth+).
Your rubbery body absorbs attacks. (AC +1, EV +1)
((You are camouflaged when in or above water. (Stealth+)))
You have tentacles for arms and can constrict up to eight enemies at once.


Message History

The wight closely misses you.
You slash the wight! You grab the wight. You squeeze the wight.
You destroy the wight!
Trog accepts your kill. The wight hits you with a +0 halberd.
The wight hits you with a +0 halberd!
You feel drained.
Your life force feels restored.
The wight hits you with a +0 halberd!
You feel drained.
Things that are here:
a +0 flail; a +0 robe A quokka comes into view.
Found a stone staircase leading down.
The wight hits you from afar with a +0 halberd!
* * * LOW HITPOINT WARNING * * *
You feel drained.
* * * LOW HITPOINT WARNING * * *
The gnoll shouts!
You hear a shout!
The wight completely misses you.
A gnoll comes into view. It is wielding a +0 halberd.
A gnoll comes into view. It is wielding a +0 club.
Things that are here:
a +0 flail; a +0 robe The wight misses you.
Things that are here:
a +3 dire flail; a +0 robe You slash the wight!
Your grab misses the wight.
The wight is heavily damaged.
The wight barely misses you. x2
You closely miss the wight. Your grab misses the wight.
The wight is heavily damaged.
The quokka barely misses you. The wight closely misses you.
The quokka bites you.
* * * LOW HITPOINT WARNING * * *
The wight barely misses you. The quokka bites you.
* * * LOW HITPOINT WARNING * * *
You closely miss the wight. You grab the wight.
The wight is heavily damaged.
You constrict the wight. The wight closely misses you.
The quokka barely misses you. The wight hits you with a +0 halberd!
You die...

#S##.. #.gg.
#..J.. #.g.# .
#..#.# #...# ..
#..#.# #...##
... #..#.#
#....#....
#..#.# ........
#..#.######.g.#
#...?).).@rg.#
#....####z###.#
#)..## #.# ..
#...# #.# ...
#...# ##.. ..>
#...###..... .#
#........... #
##..###.###.
#†.# #.###


You could see a wight, 2 gnolls and a quokka.

Vanquished Creatures
  Sigmund (D:3)
  A black bear (D:4)
  3 wights (D:5)
  2 hounds
  An orc priest (D:4)
  Jessica (D:3)
  3 iguanas (D:4)
  An adder (D:4)
  A shadow imp (D:3)
  An ufetubus (D:4)
  2 worms (D:2)
  4 dart slugs
  3 orcs (D:4)
  6 endoplasms
  2 giant cockroaches
  5 goblins
  8 hobgoblins
  3 jackals (D:1)
  2 quokkas (D:1)
  6 ball pythons
  3 bats
  5 frilled lizards
  15 kobolds
  5 rats
84 creatures vanquished.

Notes
Turn   | Place    | Note
-------+----------+-------------------------------------------
     0 | D:1      | Maratek the Octopode Fighter began the quest for the Orb.
     0 | D:1      | Reached XP level 1. HP: 16/16 MP: 1/1
   108 | D:1      | Reached XP level 2. HP: 21/21 MP: 2/2
   407 | D:1      | Reached XP level 3. HP: 21/26 MP: 3/3
  1064 | D:2      | Reached XP level 4. HP: 31/31 MP: 4/4
  1776 | D:3      | Noticed Jessica
  1783 | D:3      | Killed Jessica
  1784 | D:3      | Reached skill level 1 in Stealth
  1791 | D:3      | Found a bloodstained altar of Trog.
  1791 | D:3      | Noticed Sigmund
  1799 | D:3      | Killed Sigmund
  1800 | D:3      | Reached skill level 2 in Stealth
  1800 | D:3      | Reached XP level 5. HP: 12/37 MP: 5/5
  1800 | D:3      | Reached XP level 6. HP: 14/43 MP: 6/6
  1808 | D:3      | Became a worshipper of Trog the Wrathful
  2428 | D:3      | Found a faded altar of an unknown god.
  2518 | D:3      | Reached skill level 3 in Stealth
  3335 | D:4      | Reached skill level 4 in Stealth
  3443 | D:4      | Reached skill level 1 in Polearms
  3476 | D:4      | Reached XP level 7. HP: 9/48 MP: 7/7
  4397 | D:5      | Entered Level 5 of the Dungeon
  4435 | D:5      | Reached skill level 5 in Stealth
  4445 | D:5      | Slain by a wight

Illustrated notes

Levels and vault maps discovered:
D:1:      evilmike_arrival_fibonacci_small, layout_rooms,
          lexackson_kobold_supper
D:2:      minmay_skewed_foursquare, layout_basic, corner_web_ring
D:3:      wander_river, layout_basic, mainiacjoe_overflow_concentric_impassable,
          dreamdust_ecumenical_altar_hidden_monk_grotto, uniq_jessica,
          uniq_sigmund
D:4:      layout_basic, glass_columns_c
D:5:      layout_loops_ring, minmay_a_box_with_orc_wizards_in_it

Skill      XL: |  1  2  3  4  5  6  7 |
---------------+----------------------+-----
Stealth        | 2 4 5 |  5.1
Long Blades    | 4 |  4.3
Fighting       | 4 |  4.3
Polearms       | 1 3 |  3.5
Dodging        | 4 |  4.0
Shields        | |  3.8

Action                     |  1- 3 |  4- 6 |  7- 9 || total
---------------------------+-------+-------+-------++-------
  Melee: Long sword        |    88 |    13 |       ||   101
         Constrict         |    25 |    11 |     5 ||    41
         Tentacles         |    22 |    11 |     6 ||    39
         Punch             |     2 |       |       ||     2
         Halberd           |       |    29 |    17 ||    46
   Stab: Sleeping          |     4 |     7 |       ||    11
         Distracted        |       |     1 |       ||     1
 Armour: Skin              |    50 |    24 |    13 ||    87
  Dodge: Dodged            |    59 |    18 |    23 ||   100
  Block: Buckler           |    31 |     2 |       ||    33

Table legend: (Time is in decaauts)
 A = Elapsed time spent in this place.
 B = Non-inter-level travel time spent in this place.
 C = Inter-level travel time spent in this place.
 D = Time resting spent in this place.
 E = Time spent auto-exploring this place.
 F = Levels seen in this place.
 G = Mean time per level.
                   A        B        C        D        E       F      G
               +--------+--------+--------+--------+--------+-----+--------+
         Total |   4527 |   4384 |    143 |    485 |   3293 |   5 |  905.4 |
       Dungeon |   4527 |   4384 |    143 |    485 |   3293 |   5 |  905.4 |
               +--------+--------+--------+--------+--------+-----+--------+

Top non-repeatable levels by time:
     D:4: 1533 daAuts
     D:3: 1160 daAuts
     D:2: 1037 daAuts
     D:1: 738 daAuts
     D:5: 58 daAuts
